 Dungeon Crawl Stone Soup version 0.28-a0-751-gef3a642a4e (webtiles) character file.

Game seed: 15410440991836587788

29 spiderkeys the Skirmisher (level 3, 0/23 HPs)
             Began as a Gargoyle Abyssal Knight on Oct 31, 2021.
             Was a Follower of Lugonu.
             Slain by a wight (9 damage)
             ... on level 1 of the Abyss.
             The game lasted 00:00:50 (296 turns).

spiderkeys the Skirmisher (Gargoyle Abyssal Knight)  Turns: 296, Time: 00:00:51

Health: 0/23       AC:  6    Str: 17      XL:     3   Next: 16%
Magic:  4/4        EV: 11    Int: 10      God:    Lugonu [*.....]
Gold:   14         SH:  0    Dex:  9 (10) Spells: 2/2 levels left

rFire   . . .      SeeInvis .   a - +1 mace
rCold   . . .      Faith    .   (no shield)
rNeg    + . .      Spirit   .   b - +0 leather armour
rPois   ∞          Reflect  .   (no helmet)
rElec   +          Harm     .   (no cloak)
rCorr   .          Rampage  .   (no gloves)
Will    .....                   (no boots)
Stlth   +.........              (no amulet)
HPRegen 0.07/turn               (no ring)
MPRegen 0.09/turn               (no ring)

@: no status effects
A: sickness immunity, AC +3, negative energy resistance 1, electricity
resistance, torment resistance 1, petrification resistance
a: Renounce Religion, Depart the Abyss


You were on level 1 of the Abyss.
You worshipped Lugonu.
Lugonu was aware of your devotion.
You visited 0 branches of the dungeon, and saw 0 of its levels.
You visited the Abyss 1 time.

You collected 14 gold pieces.


Innate Abilities, Weirdness & Mutations

You are immune to sickness and miasma.
Your stone body is resilient. (AC +3)
You are immune to poison.
You resist negative energy. (rN+)
You are resistant to electric shocks. (rElec)
You are resistant to unholy torment.
You are immune to petrification.


   Skills:
 + Level 3.5 Fighting
 + Level 2.3 Maces & Flails
 + Level 2.6 Armour
 - Level 1.2 Dodging
 + Level 2.4 Invocations


You had 2 spell levels left.
You didn't know any spells.
Your spell library contained the following spells:

 Spells                   Type           Power      Damage    Failure   Level
 Animate Dead             Necr           0%         N/A       99%         4
 Borgnjor's Vile Clutch   Necr/Erth      0%         N/A       100%        5
 Death Channel            Necr           0%         N/A       100%        6

Inventory:

Hand Weapons
 a - a +1 mace (weapon)
Armour
 b - a +0 leather armour (worn)
 c - a +0 cloak
   (You found it on level 1 of the Abyss)

Dungeon Overview and Level Annotations

Branches:
Dungeon (0/15)

Altars:

#### #..##
≈##≈.#≈ #@#.#
≈...##§ ###z.#
≈. .... #.##.#
≈..#...###...#
≈≈#........#.##
.≈.#.§...##..##
≈≈≈#..#..
.#...# #.##
.#...##.# #.
#..##.## ..


You could see a wight.


Message History

🤖 Initializing magus.rc ... ✅ Successfully initialized magus.rc [v1.9.10] Welcome, spiderkeys the Gargoyle Abyssal Knight.
A terrible geas has sent you after the Orb of Zot.
What a horrible night to have a curse!
Lugonu says: Depart the Abyss and spread corruption, my servant! (use the ability menu to exit the Abyss) Press ? for a list of commands and other information.
Found a corrupted altar of Lugonu.
You now have 14 gold pieces.
Found a gateway leading out of the Abyss.
Found a gateway leading out of the Abyss.
A large abomination comes into view.
A green death comes into view.
You are suddenly pulled into a different region of the Abyss!
Unknown command.
You enter the shallow water.
Moving in this stuff is going to be slow.
You pick up a book of Unlife and begin reading...
You add the spells Animate Dead, Borgnjor's Vile Clutch and Death Channel to your library.
You enter the shallow water.
Moving in this stuff is going to be slow.
You enter the shallow water.
Moving in this stuff is going to be slow.
You enter the shallow water.
Moving in this stuff is going to be slow.
Okay, then.
You enter the shallow water.
Moving in this stuff is going to be slow.
A quasit comes into view.
The quasit gives a chilling moan.
You completely miss the quasit.
The quasit bites you but does no damage.
The quasit claws you.
You feel clumsy. The quasit barely misses you.
The quasit closely misses you. x2
The quasit barely misses you. 😕 HP[-2]
You take 2 damage, and now have 12/14 hp.
You hit the quasit. The quasit completely misses you. The quasit claws you.
You feel clumsy. The quasit closely misses you. 😮 HP[-2]
You take 2 damage, and now have 10/14 hp.
You sock the quasit!
The quasit bites you but does no damage.
The quasit claws you. The quasit closely misses you. x2
The quasit claws you but does no damage. x2 😮 HP[-1]
You take 1 damage, and now have 9/14 hp.
You hit the quasit.
You kill the quasit!
You feel your dexterity returning.
Your Dodging skill increases to level 1!
You have reached level 2!
You have reached level 3!
Your experience leads to an increase in your attributes!
Your base attributes are Str 16, Int 10, Dex 10.
Increase (S)trength, (I)ntelligence, or (D)exterity?
You feel stronger. 😮 HP[+6] MP[+2]
You now have 23 max hp (+9).
You regained 6 hp, and now have 15/23 hp.
Your mp is fully restored (4).
The substance of the Abyss twists violently, and a gateway leading out appears!
There is a gateway leading out of the Abyss here.
A wight comes into view. It is wielding a +0 scimitar.
c - a +0 cloak You start putting on your armour.
You continue putting on your +0 cloak. x2
The wight hits you with a +0 scimitar!
Keep equipping yourself? [Y]es or [N]o only, please.
Keep equipping yourself? [Y]es or [N]o only, please.
Keep equipping yourself?
You stop putting on your armour.
* * * LOW HITPOINT WARNING * * *
😨 HP[-7]
You take 7 damage, and now have 8/23 hp.
MASSIVE DAMAGE!! (PAUSE) 😨 HP[+1]
Okay, then.
You aren't carrying any scrolls.
You hit the wight. The wight barely misses you.
The wight hits you with a +0 scimitar!
You die...

Skill      XL: |  1 |
---------------+----+-----
Dodging        | 1 |  1.2
Fighting       | |  3.5
Maces & Flails | |  2.3
Armour         | |  2.6
Invocations    | |  2.4

Action                   || total
-------------------------++-------
Melee: Mace              ||     5
Armor: Leather armour    ||     4
Dodge: Dodged            ||     9

Levels and vault maps discovered:
Abyss:1:  base: Temple, minivault_28, base: Temple, evilmike_abyss_exit_9

Notes
Turn   | Place    | Note
-------+----------+-------------------------------------------
     0 | Abyss:1  | spiderkeys the Gargoyle Abyssal Knight began the quest for
                  | the Orb.
     0 | Abyss:1  | Reached XP level 1. HP: 14/14 MP: 2/2
     0 | Abyss:1  | magus.rc [v1.9.10]
    68 | Abyss:1  | Found a corrupted altar of Lugonu.
   136 | Abyss:1  | Noticed a large abomination
   137 | Abyss:1  | Noticed a green death
   198 | Abyss:1  | You pick up a book of Unlife and begin reading...
   198 | Abyss:1  | You add the spells Animate Dead, Borgnjor's Vile Clutch and
                  | Death Channel to your library.
   267 | Abyss:1  | Noticed a quasit
   274 | Abyss:1  | Killed a quasit
   275 | Abyss:1  | Reached skill level 1 in Dodging
   275 | Abyss:1  | Reached XP level 2. HP: 12/19 MP: 3/3
   275 | Abyss:1  | Reached XP level 3. HP: 15/23 MP: 4/4
   296 | Abyss:1  | Slain by a wight

Vanquished Creatures
  A quasit (Abyss:1)
1 creature vanquished.

Table legend:
 A = Non-vault XP
 B = Vault XP
 C = Vault XP percentage of total XP
 D = Non-vault monster count
 E = Vault monster count
 F = Vault count percentage of total count
                 A         B        C        D         E       F
            +---------+---------+-------+---------+---------+-------
      Total |      42 |       0 |   0.0 |       1 |       0 |   0.0
            +---------+---------+-------+---------+---------+-------
    Abyss:1 |      42 |       0 |   0.0 |       1 |       0 |   0.0
            +---------+---------+-------+---------+---------+-------

Illustrated notes

Table legend:
 A = Kills in this place as a percentage of kills in entire the game.
 B = Kills by you in this place as a percentage of kills by you in the entire game.
 C = Kills by friends in this place as a percentage of kills by friends in the entire game.
 D = Other kills in this place as a percentage of other kills in the entire game.
 E = Experience gained in this place as a percentage of experience gained in the entire game.
 F = Experience gained in this place divided by the number of levels of this place that you have seen.
                   A       B       C       D       E      F
               +-------+-------+-------+-------+-------+----------------------
         Total | 100.0 | 100.0 |   N/A |   N/A | 100.0 |  42.0
         Abyss | 100.0 | 100.0 |   N/A |   N/A | 100.0 |  42.0
               +-------+-------+-------+-------+-------+----------------------

Table legend: (Time is in decaauts)
 A = Elapsed time spent in this place.
 B = Non-inter-level travel time spent in this place.
 C = Inter-level travel time spent in this place.
 D = Time resting spent in this place.
 E = Time spent auto-exploring this place.
 F = Levels seen in this place.
 G = Mean time per level.
                   A        B        C        D        E       F      G
               +--------+--------+--------+--------+--------+-----+--------+
         Total |    301 |    301 |      0 |      0 |    183 |   1 |  301.0 |
         Abyss |    301 |    301 |      0 |      0 |    183 |   1 |  301.0 |
               +--------+--------+--------+--------+--------+-----+--------+

Top non-repeatable levels by time:
 Abyss:1: 301 daAuts
